AoeStats
← Chorizo En Cajas

Oasis

509296135Analyzed
4v4 RM · 5d ago on Sep 26, 2026· 31m 20s· 8 players
Game mode
Random Map
Map size
Large (8 player)
Population
200
Speed
Normal
Resources
Standard
Victory
Conquest
Starting age
Dark Age
Ending age
Imperial Age
RankedLock teamsTeams togetherTeam positionsShared explorationLock speedFull tech treeHidden civsTurbo modeCheats
Victory
Defeat
🇲🇽 Persians · Mexico
1092
+14
🇲🇽 Franks · Mexico
1068
+15
🇲🇽 Saxons · Mexico
1064
+15
🇲🇽 Britons · Mexico
1023
+15
🇻🇳 Huns · Vietnam
1062
-16
🇭🇰 Franks · Hong Kong SAR China
1041
-15
🇹🇼 Japanese · Taiwan
1025
-14
🇹🇼 Danes · Taiwan
1015
-14
GG豪大
7:04 Loom
10:37 Feudal Age
31:53 Castle Age
Tr3vorTW
5:16 Loom
11:53 Feudal Age
16:04 Double-Bit Axe
26:04 Castle Age
30:58 Bow Saw
30:44 Horse Collar
quocdaicd15s1
10:55 Feudal Age
16:27 Castle Age
15:47 Forging
15:42 Scale Barding Armor
24:07 Horse Collar
25:38 Heavy Plow
26:30 Husbandry
27:38 Double-Bit Axe
30:17 Bow Saw
31:57 Chain Barding Armor
Mongolia
11:12 Feudal Age
15:10 Castle Age
13:36 Loom
17:17 Double-Bit Axe
17:56 Pikeman
19:32 Bow Saw
21:19 Town Watch
24:28 Scale Barding Armor
26:01 Wheelbarrow
27:23 Chain Barding Armor
27:09 Scale Mail Armor
28:53 Chain Barding Armor
29:49 Forging
29:40 Gold Mining
30:48 Hand Cart
34:00 Imperial Age
31:15 Treadmill Crane
Barquimides
8:05 Loom
10:44 Feudal Age
10:03 Loom
10:56 Man-at-Arms
15:25 Double-Bit Axe
23:00 Castle Age
21:12 Horse Collar
22:53 Gold Mining
23:09 Pikeman
23:34 Pikeman
23:34 Long Swordsman
24:41 Crossbowman
25:41 Bow Saw
27:34 Wheelbarrow
28:28 Fletching
29:00 Heavy Plow
29:17 Town Watch
29:41 Squires
30:50 Ballistics
Blutt_SWD
1:29 Loom
10:37 Feudal Age
15:53 Castle Age
14:37 Double-Bit Axe
26:03 Wheelbarrow
25:32 Town Watch
28:40 Hand Cart
34:11 Imperial Age
Chorizo En Cajas
3:37 Loom
9:57 Feudal Age
19:46 Castle Age
18:26 Double-Bit Axe
18:34 Fletching
20:01 Padded Archer Armor
19:48 Crossbowman
21:58 Ballistics
21:36 Bodkin Arrow
21:41 Padded Archer Armor
29:59 Imperial Age
28:29 Murder Holes
28:51 Leather Archer Armor
Mariostoteles
10:25 Feudal Age
9:18 Loom
20:10 Castle Age
18:46 Double-Bit Axe
20:37 Scale Barding Armor
21:18 Fletching
23:47 Bloodlines
25:18 Bow Saw
26:53 Forging
28:29 Horse Collar
32:29 Wheelbarrow
Connection lost

Rejoining the realm…

Still unreachable

The connection could not be restored.

Session expired

The server has moved on; the page needs a fresh start.